 Dungeon Crawl Stone Soup version 0.29.1-1-gd02db6906a (webtiles) character file.

Game seed: 5202013201626100852

1416 Icepheonix32 the Trooper (level 8, -5/73 HPs)
             Began as a Minotaur Fighter on Sept 20, 2022.
             Was a Follower of Okawaru.
             Slain by a hornet (9 damage)
             ... while paralysed by a hornet
             ... on level 7 of the Dungeon.
             The game lasted 00:07:35 (6240 turns).

Icepheonix32 the Trooper (Minotaur Fighter)         Turns: 6240, Time: 00:07:35

Health: -5/73      AC: 11    Str: 21    XL:     8   Next: 43%
Magic:  8/8        EV:  2    Int:  5    God:    Okawaru [*.....]
Gold:   150        SH:  0    Dex: 12    Spells: 7/7 levels left

rFire   + . .      SeeInvis .   a - +0 war axe (flame)
rCold   + + .      Faith    .   c - +0 buckler
rNeg    . . .      Spirit   .   d - +0 swamp dragon scales
rPois   +          Reflect  .   (helmet restricted)
rElec   .          Harm     .   p - scarf {rC+ rF+}
rCorr   .          Rampage  .   r - +1 pair of gloves
Will    +....                   (no boots)
Stlth   +.........              (no amulet)
HPRegen 0.22/turn               j - ring of willpower
MPRegen 0.11/turn               s - ring of protection from cold

@: paralysed, slowed, studying Fighting
A: horns 2, retaliatory headbutt, poison resistance
a: Renounce Religion, Heroism


You were on level 7 of the Dungeon.
You worshipped Okawaru.
Okawaru was aware of your devotion.
You visited 2 branches of the dungeon, and saw 8 of its levels.
You also visited: Sewer.

You collected 330 gold pieces.
You spent 180 gold pieces at shops.

Inventory:

Hand Weapons
 a - a +0 war axe of flaming (weapon)
 e - a +1 short sword of venom
Armour
 b - a +0 scale mail
 c - a +0 buckler (worn)
 d - +0 swamp dragon scales (worn)
 p - a scarf of resistance (worn)
 q - the +0 leather armour of the Arena {Drain +Blink rN+ Regen+}
   (You found it on level 3 of the Dungeon)

   rN:        It protects you from negative energy.
   +Blink:    It lets you blink.
   Regen:     It increases your rate of health regeneration.
   Drain:     It drains your maximum health when unequipped.
 r - a +1 pair of gloves (worn)
 A - a +0 pair of gloves
Jewellery
 j - a ring of willpower (left hand)
 s - a ring of protection from cold (right hand)
Wands
 k - a wand of roots (5)
 v - a wand of flame (19)
 B - a wand of mindburst (21)
Scrolls
 g - a scroll of fog
 l - a scroll of amnesia
 x - a scroll of noise
 y - 2 scrolls of magic mapping
 C - a scroll of enchant armour
 D - 2 scrolls of enchant weapon {unknown}
 E - a scroll of silence
Potions
 f - a potion of heal wounds
 h - a potion of magic
 i - 2 potions of invisibility
 m - a potion of mutation
 n - 3 potions of haste
 o - 5 potions of curing
 u - 2 potions of attraction {unknown}
 w - a potion of flight


   Skills:
 + Level 7.6 Fighting
 - Level 6.0 Axes
 - Level 7.3 Armour
 - Level 2.6 Dodging
 - Level 0.3 Stealth
 - Level 5.3 Shields
 - Level 2.5 Invocations


You had 7 spell levels left.
You didn't know any spells.
Your spell library contained the following spells:

 Spells                   Type           Power      Damage    Failure   Level
 Foxfire                  Conj/Fire      0%         2x1d4     71%         1
 Slow                     Hex            0%         N/A       71%         1
 Ignite Poison            Fire/Tmut/Pois 0%         N/A       97%         3
 Yara's Violent Unravell  Hex/Tmut       0%         3d3       100%        5
 Fire Storm               Conj/Fire      0%         5d1       100%        9


Dungeon Overview and Level Annotations

Branches:
Dungeon (7/15)             Temple (1/1) D:5           Sewer (visited)

Altars:
Cheibriados
Dithmenos
Elyvilon
Gozag
Hepliaklqana
Makhleb
Nemelex Xobeh
Okawaru
Ru
Uskayaw
Wu Jian
Xom
Yredelemnul
Zin
The Shining One


Innate Abilities, Weirdness & Mutations

You have a pair of horns on your head.
You reflexively headbutt those who attack you in melee.
Your system is resistant to poisons. (rPois)


Message History

You block the hornet's attack.
It was a potion of mutation.
You feel extremely strange.
You feel resistant to poisons. The hornet stings you!
The hornet stings you but does no damage.
Unknown command.
Okay, then.
You slash the hornet! You burn the hornet.
The hornet is almost dead.
The hornet stings you.
The hornet stings you but does no damage.
The hornet barely misses you.
You miss the hornet. Your headbutt misses the hornet.
The hornet is almost dead.
You feel yourself speed up. The hornet barely misses you.
The hornet stings you!
* * * LOW HITPOINT WARNING * * *
The hornet stings you!
* * * LOW HITPOINT WARNING * * *
You feel yourself slow down.
You feel much better. The hornet stings you.
* * * LOW HITPOINT WARNING * * *
The hornet stings you!
* * * LOW HITPOINT WARNING * * *
You feel as though you will be slow longer.
Unknown command.
You feel much better. The hornet misses you. The hornet stings you!
* * * LOW HITPOINT WARNING * * *
You barely miss the hornet. Your headbutt misses the hornet.
The hornet is almost dead.
The hornet stings you.
* * * LOW HITPOINT WARNING * * *
You suddenly lose the ability to move!
The hornet stings you!
* * * LOW HITPOINT WARNING * * *
You feel as though you will be slow longer.
The hornet stings you.
* * * LOW HITPOINT WARNING * * *
The hornet stings you but does no damage.
The hornet stings you!
You die...

..#.....#........
..#.....'.....#####
..#.....#.....#...#
..#.....#.....#...###+##
..#.....#.....#.........
..#.....#.....#........
.......#.....'........
#.#....+.....#...##..
._.....#.....#.@.#
#.....##y## #.......h.
######..... #.....#
+...... #.......
#........


You could see a hornet and a hound.

Vanquished Creatures
  Maggie (D:6)
  Menkaure (D:5)
  A black bear (D:4)
  A centaur (D:5)
  A phantom (D:5)
  2 scorpions
  A jelly (D:5)
  2 orc priests
  2 hounds
  3 iguanas (D:6)
  An orc wizard (D:6)
  Terence (D:3)
  10 adders
  3 gnolls (D:6)
  3 river rats
  5 shadow imps (D:6)
  8 white imps (D:6)
  11 ufetubi
  A dart slug (D:1)
  9 orcs
  7 endoplasms
  7 giant cockroaches
  7 goblins
  7 hobgoblins
  6 jackals
  7 quokkas
  5 ball pythons
  3 bats
  5 frilled lizards (Sewer)
  7 kobolds
  15 rats
143 creatures vanquished.

Vanquished Creatures (others)
  22 plants (Sewer)
22 creatures vanquished.

Grand Total: 165 creatures vanquished

Notes
Turn   | Place    | Note
-------+----------+-------------------------------------------
     0 | D:1      | Icepheonix32 the Minotaur Fighter began the quest for the
                  | Orb.
     0 | D:1      | Reached XP level 1. HP: 19/19 MP: 0/0
   338 | D:1      | Reached XP level 2. HP: 23/27 MP: 1/1
  1124 | D:2      | Reached XP level 3. HP: 33/33 MP: 2/2
  1600 | D:3      | Reached XP level 4. HP: 32/41 MP: 3/3
  1611 | D:3      | Found a glowing drain.
  1621 | Sewer    | Entered a sewer
  2589 | D:3      | Got Qexot's Parchment of the Incendiary Oath
  2736 | D:3      | Reached XP level 5. HP: 45/47 MP: 4/4
  2942 | D:3      | Identified the +0 leather armour of the Arena {Drain +Blink
                  | rN+ Regen+}
  2946 | D:3      | Found a hide-covered altar of Uskayaw.
  2969 | D:3      | Noticed Terence
  2976 | D:3      | Killed Terence
  2977 | D:3      | Reached skill level 5 in Fighting
  3273 | D:4      | Found a burning altar of Makhleb.
  3273 | D:4      | Noticed a balrug
  3533 | D:4      | Reached skill level 1 in Dodging
  3814 | D:4      | Noticed a black bear
  3820 | D:4      | Killed a black bear
  3821 | D:4      | Reached skill level 5 in Armour
  3821 | D:4      | Reached XP level 6. HP: 53/56 MP: 5/5
  3911 | D:5      | Entered Level 5 of the Dungeon
  3924 | D:5      | Reached skill level 5 in Axes
  4254 | D:5      | Found a snail-covered altar of Cheibriados.
  4267 | D:5      | Found a hazy altar of Hepliaklqana.
  4267 | D:5      | Identified the +1 robe of Siphodgh {rF+ Dex-2 Slay+4
                  | Archmagi}
  4307 | D:5      | Identified the +0 helmet of Dirony {rF+ rC+ rN+}
  4440 | D:5      | Noticed Menkaure
  4443 | D:5      | Killed Menkaure
  4444 | D:5      | Reached XP level 7. HP: 63/63 MP: 6/6
  4472 | D:5      | Found a staircase to the Ecumenical Temple.
  4478 | Temple   | Entered the Ecumenical Temple
  4487 | Temple   | Became a worshipper of Warmaster Okawaru
  4684 | D:5      | Reached skill level 1 in Invocations
  4702 | D:5      | Found a glowing silver altar of Zin.
  4704 | D:5      | Found Zin's Purification Station.
  4710 | D:5      | Bought 2 potions of curing for 180 gold pieces
  5497 | D:6      | Noticed Maggie
  5513 | D:6      | Killed Maggie
  5513 | D:6      | Reached * piety under Okawaru
  5514 | D:6      | Reached skill level 5 in Shields
  5514 | D:6      | Reached XP level 8. HP: 36/73 MP: 8/8
  5748 | D:6      | Found a sparkling altar of Nemelex Xobeh.
  6170 | D:6      | Identified a scroll of acquirement
  6171 | D:6      | Acquired a manual of Fighting
  6218 | D:7      | Found a white marble altar of Elyvilon.
  6228 | D:7      | Noticed a hornet
  6233 | D:7      | Gained mutation: Your system is resistant to poisons.
                  | (rPois) [potion of mutation]
  6235 | D:7      | HP: 3/73 [hornet (13)]
  6238 | D:7      | Paralysed by a hornet for 3 turns
  6240 | D:7      | Slain by a hornet

Illustrated notes

Levels and vault maps discovered:
D:1:      wander_arrival_peaceful_grave, layout_loops_ring,
          dreamdust_princess_bridge
D:2:      layout_basic, minmay_pentomino_t2
D:3:      layout_rooms, nicolae_uskayaw_suspiria, portal_sewer_entry_e,
          chequers_serial_rivers_small_b, uniq_terence
D:4:      black_bear_nest_1, layout_loops_cross, makhleb_altar_promises_db
D:5:      layout_layer_cave, zin_purify, mainiacjoe_overflow_boulevard,
          mainiacjoe_overflow_paths, minmay_temple_entry_hall,
          dk_noncrumbling_3, kennysheep_another_room, uniq_menkaure
D:6:      layout_basic, nemelex_diamond_rough_becter, serial_demonic,
          serial_demonic_d, serial_demonic_g, serial_demonic_f,
          serial_demonic_a, serial_demonic_f, serial_demonic_a,
          serial_demonic_e, serial_demonic_a, serial_demonic_a,
          serial_demonic_g, uniq_maggie
D:7:      layout_gridville, grunt_temple_overflow_growth_and_decay,
          lemuel_crystal_altar, amcnicky_mini_pool_small,
          minmay_misc_feat_secret_circle
Temple:   hellmonk_temple_micro_hex

Skill      XL: |  1  2  3  4  5  6  7  8 |
---------------+-------------------------+-----
Fighting       | 4 5 6 7 |  7.6
Armour         | 4 5 6 7 |  7.3
Shields        | 4 5 |  5.3
Axes           | 3 4 6 |  6.0
Dodging        | 1 2 |  2.6
Invocations    | 2 |  2.5
Stealth        | |  0.3

Action                   |  1- 3 |  4- 6 |  7- 9 || total
-------------------------+-------+-------+-------++-------
Melee: War axe           |    62 |   182 |    99 ||   343
       Headbutt          |     3 |    30 |    17 ||    50
  Use: Scroll            |     9 |     2 |     6 ||    17
       Potion            |     3 |       |     6 ||     9
Armor: Scale mail        |    24 |    94 |    40 ||   158
       Swamp dragon scal |       |       |    16 ||    16
Dodge: Dodged            |    33 |    73 |    80 ||   186
Block: Buckler           |    14 |    32 |    37 ||    83
